AoeStats
← JAQUY

Lombardia

510204524Analyzed
2v2 RM · 20h ago on Sep 29, 2026· 63m 26s· 4 players
Game mode
Random Map
Map size
Medium (4 player)
Population
200
Speed
Normal
Resources
Standard
Victory
Conquest
Starting age
Dark Age
Ending age
Imperial Age
RankedLock teamsTeams togetherTeam positionsShared explorationLock speedFull tech treeHidden civsTurbo modeCheats
Victory
Defeat
🇫🇷 Magyars · France
767
+14
🇫🇷 Vietnamese · France
687
+18
🇺🇸 Mongols · United States
785
-18
🇨🇴 Varangians · Colombia
675
-14
Dubleb20
4:26 Loom
12:52 Feudal Age
14:58 Double-Bit Axe
17:57 Castle Age
16:43 Scale Barding Armor
16:50 Forging
16:26 Horse Collar
17:53 Gold Mining
32:35 Fletching
32:45 Padded Archer Armor
32:15 Pikeman
32:56 Squires
32:41 Arson
34:44 Crossbowman
41:47 Imperial Age
41:15 Scale Mail Armor
41:50 Iron Casting
41:36 Chain Barding Armor
41:13 Bodkin Arrow
42:17 Ballistics
42:20 Thumb Ring
42:40 Bloodlines
43:43 Halberdier
45:53 Chemistry
46:35 Arbalester
48:08 Bracer
48:24 Leather Archer Armor
48:25 Chain Mail Armor
48:46 Plate Barding Armor
47:40 Light Cavalry
55:24 Husbandry
60:26 Ring Archer Armor
JAQUY
10:33 Loom
12:19 Feudal Age
16:43 Castle Age
15:11 Double-Bit Axe
15:09 Horse Collar
16:11 Scale Barding Armor
16:50 Gold Mining
16:51 Stone Mining
25:24 Chain Barding Armor
24:57 Fletching
25:08 Padded Archer Armor
29:11 Wheelbarrow
29:58 Ballistics
30:49 Thumb Ring
31:28 Bodkin Arrow
32:14 Heavy Plow
32:49 Husbandry
33:02 Bloodlines
33:57 Leather Archer Armor
35:04 Gold Shaft Mining
39:25 Imperial Age
41:12 Chemistry
40:49 Plate Barding Armor
40:16 Bracer
40:47 Parthian Tactics
42:21 Conscription
42:07 Cavalier
42:54 Heavy Cavalry Archer
44:06 Paladin
46:44 Capped Ram
48:31 Ring Archer Armor
48:20 Recurve Bow
Dragonhell0106
6:40 Loom
11:48 Feudal Age
15:29 Castle Age
14:02 Double-Bit Axe
15:16 Scale Barding Armor
18:08 Gold Mining
20:06 Horse Collar
21:19 Forging
23:22 Pikeman
25:55 Bloodlines
29:31 Husbandry
31:52 Heavy Plow
34:34 Stone Mining
35:23 Wheelbarrow
36:18 Chain Barding Armor
37:38 Fletching
38:42 Bow Saw
42:45 Imperial Age
42:51 Imperial Age
40:42 Hand Cart
41:27 Bodkin Arrow
41:20 Elite Skirmisher
43:40 Bracer
43:48 Padded Archer Armor
44:26 Cavalier
46:12 Ballistics
47:19 Chemistry
47:37 Leather Archer Armor
47:14 Heavy Scorpion
53:08 Halberdier
53:51 Squires
55:46 Scale Mail Armor
61:55 Elite Varangian Guard
ThePotatoSack
8:25 Loom
12:39 Feudal Age
13:45 Horse Collar
17:16 Castle Age
16:31 Horse Collar
16:41 Double-Bit Axe
17:37 Wheelbarrow
23:05 Hand Cart
27:58 Pikeman
30:22 Gold Mining
32:37 Gold Shaft Mining
31:52 Stone Mining
32:15 Bow Saw
32:09 Heavy Plow
39:07 Imperial Age
37:07 Padded Archer Armor
36:58 Fletching
37:34 Ballistics
38:55 Town Watch
39:10 Bodkin Arrow
39:31 Leather Archer Armor
39:25 Scale Barding Armor
40:40 Crossbowman
41:27 Thumb Ring
40:51 Elite Skirmisher
41:54 Forging
41:44 Scale Mail Armor
41:45 Bracer
42:23 Conscription
42:41 Arbalester
43:58 Heavy Scorpion
46:11 Chemistry
45:37 Drill
51:39 Capped Ram
52:49 Heavy Camel Rider
Connection lost

Rejoining the realm…

Still unreachable

The connection could not be restored.

Session expired

The server has moved on; the page needs a fresh start.